 Dungeon Crawl Stone Soup version 0.30-a0-457-g4b7bca3bfa (webtiles) character file.

Game seed: 6126207611025672265

1005 ytrimaz the Cleaver (level 8, 0/64 HPs)
             Began as a Minotaur Fighter on Dec 12, 2022.
             Slain by an ogre
             ... wielding a +0 giant club
              (22 damage)
             ... on level 5 of the Dungeon.
             The game lasted 00:05:23 (4287 turns).

ytrimaz the Cleaver (Minotaur Fighter)              Turns: 4287, Time: 00:05:23

Health: 0/64       AC:  7    Str: 23    XL:     8   Next: 0%
Magic:  7/7        EV:  9    Int:  5    God:
Gold:   287        SH:  4    Dex: 10    Spells: 7/7 levels left

rFire   . . .      SeeInvis .    a - +0 war axe
rCold   . . .      Faith    .    c - +0 buckler
rNeg    . . .      Spirit   .    b - +1 scale mail
rPois   .          Reflect  .    (helmet restricted)
rElec   .          Harm     .    (no cloak)
rCorr   .          Rampage  .    (no gloves)
Will    .....                    (no boots)
Stlth   ..........               (no amulet)
HPRegen 0.30/turn                (no ring)
MPRegen 0.10/turn                (no ring)

@: no status effects
A: horns 2, retaliatory headbutt
a: no special abilities


You were on level 5 of the Dungeon.
You visited 1 branch of the dungeon, and saw 5 of its levels.

You collected 287 gold pieces.


Innate Abilities, Weirdness & Mutations

You have a pair of horns on your head.
You reflexively headbutt those who attack you in melee.


   Skills:
 - Level 3.6 Fighting
 + Level 11.2 Axes
 - Level 3.6 Armour
 - Level 4.0 Shields


You had 7 spell levels left.
You didn't know any spells.
Your spell library contained the following spells:

 Spells                   Type           Power      Damage    Failure   Level
 Freeze                   Ice            0%         1d3       86%         1
 Frozen Ramparts          Ice            0%         1d1       99%         3
 Gell's Gravitas          Tloc           0%         N/A       99%         3
 Hailstorm                Conj/Ice       0%         3d3       99%         3
 Ozocubu's Armour         Ice            0%         N/A       99%         3
 Teleport Other           Tloc           0%         N/A       99%         3
 Tukima's Dance           Hex            0%         N/A       99%         3
 Passage of Golubria      Tloc           0%         N/A       100%        4
 Metabolic Englaciation   Hex/Ice        0%         N/A       100%        5
 Yara's Violent Unravell  Hex/Tmut       0%         3d3       100%        5
 Dispersal                Tloc           0%         N/A       100%        6
 Simulacrum               Ice/Necr       0%         N/A       100%        6

Inventory:

Hand Weapons
 a - a +0 war axe (weapon)
Armour
 b - a +1 scale mail (worn)
 c - a +0 buckler (worn)
Jewellery
 k - a ring of fire
   (You found it on level 2 of the Dungeon)
Wands
 o - a wand of roots (10)
   (You found it on level 3 of the Dungeon)
 s - a wand of flame (10)
   (You found it on level 5 of the Dungeon)
Scrolls
 e - 3 scrolls of teleportation
 h - 2 scrolls of fog
 j - 4 scrolls of vulnerability
 l - a scroll of acquirement
 m - a scroll of blinking
 p - a scroll of immolation
 q - a scroll of magic mapping
Potions
 d - a potion of might
 f - a potion of lignification
 g - a potion of cancellation
 i - 3 potions of haste
 n - a potion of berserk rage {unknown}
 r - a potion of attraction {unknown}

Dungeon Overview and Level Annotations

Branches:
Dungeon (5/15) Zot: 25658
 Temple: D:4-7

Altars:
Yredelemnul

Shops:
D:2

( ####### #...### #.......<..# #
#...## #....(.....# ## #.#..##
####.##.#### .# #..#..####...##.#
.# ##.##....#.####.# .####
#.#####...# #.# ..>.##### #.###
#..#####.# ..#.....#
#...###.....##.#
#.#####.#######.@##.###..#.######
#.# #.......##.O..####.........
#.## #######........# #.........
#..##### #####....####........
.......# #..#....รท#........
##..##.#### #.##.###รท.........
##..#....### #.##.#####........
##.####...# ##.##..####........
#..# ###.###..#...โ€ ..#........


You could see an ogre.


Message History

You see here a scroll labelled RECZISHR ZEENG.
The jackal barely misses you.
The jackal bites you but does no damage.
A frilled lizard comes into view.
You slash the jackal!
You kill the jackal!
You closely miss the jackal. The jackal misses you.
The jackal bites you but does no damage.
The jackal barely misses you. You furiously retaliate!
You headbutt the jackal!
You kill the jackal!
You see here a jackal corpse. ๐Ÿ˜Ž HP[+1]
Your hp is fully restored (64).
The frilled lizard bites you but does no damage.
Unknown command.
You block the frilled lizard's attack.
You barely miss the frilled lizard.
The frilled lizard bites you but does no damage.
You hit the frilled lizard.
You kill the frilled lizard!
Unknown command.
No target in view!
A frilled lizard comes into view.
You see here a jackal corpse.
A frilled lizard is nearby!
A frilled lizard is nearby!
A frilled lizard comes into view.
The frilled lizard hisses angrily.
Unknown command.
You hit the frilled lizard but do no damage.
The frilled lizard completely misses you.
You closely miss the frilled lizard.
Your headbutt misses the frilled lizard.
You slash the frilled lizard!
You kill the frilled lizard!
The frilled lizard bites you. ๐Ÿ˜• HP[-3]
You take 3 damage, and now have 61/64 hp.
Unknown command.
You hit the frilled lizard.
You kill the frilled lizard!
You see here a frilled lizard corpse. ๐Ÿ˜• HP[+1] No target in view!
Unknown command.
A frilled lizard comes into view.
A frilled lizard is nearby!
Unknown command.
A frilled lizard is nearby!
The frilled lizard hisses angrily.
You hear an angry hiss.
Unknown command.
The frilled lizard bites you but does no damage. ๐Ÿ˜• HP[+1]
You barely miss the frilled lizard.
Your headbutt misses the frilled lizard.
The frilled lizard bites you but does no damage.
You miss the frilled lizard.
The frilled lizard bites you but does no damage.
You barely miss the frilled lizard.
Your headbutt misses the frilled lizard.
You block the frilled lizard's attack. ๐Ÿ˜Ž HP[+1]
Your hp is fully restored (64).
Unknown command.
You barely miss the frilled lizard. You closely miss the frilled lizard.
Your headbutt misses the frilled lizard.
The frilled lizard closely misses you.
You slash the frilled lizard!
You kill the frilled lizard!
No target in view!
You see here a frilled lizard corpse.
t - a scroll labelled RECZISHR ZEENG No target in view!
There is a stone staircase leading down here.
Key pressed, stopping explore.
An ogre comes into view. It is wielding a +0 giant club.
As you read the scroll labelled RECZISHR ZEENG, it crumbles to dust.
You hear a loud clanging noise!
It was a scroll of noise.
The ogre shouts!
Unknown command.
The ogre hits you with a +0 giant club! ๐Ÿ˜• HP[-9]
You take 9 damage, and now have 55/64 hp.
Unknown command.
You slash the ogre!
The ogre hits you with a +0 giant club. ๐Ÿ˜• HP[-5]
You take 5 damage, and now have 50/64 hp.
Unknown command.
You barely miss the ogre. You headbutt the ogre! You closely miss the ogre.
The ogre hits you with a +0 giant club!!
* * * LOW HITPOINT WARNING * * *
๐Ÿ˜จ HP[-29]
You take 29 damage, and now have 21/64 hp.
MASSIVE DAMAGE!! (PAUSE)
You hit the ogre but do no damage.
The ogre hits you with a +0 giant club!!
You die...

Skill      XL: |  1  2  3  4  5  6  7 |
---------------+----------------------+-----
Shields        | 4 |  4.0
Axes           | 3 4 5 6 7 9 11 | 11.2
Fighting       | |  3.6
Armour         | |  3.6

Action                   |  1- 3 |  4- 6 |  7- 9 || total
-------------------------+-------+-------+-------++-------
Melee: War axe           |    62 |   147 |    65 ||   274
       Headbutt          |     7 |    19 |     9 ||    35
  Use: Scroll            |     6 |     8 |     2 ||    16
       Potion            |       |     3 |       ||     3
Armor: Scale mail        |    32 |    62 |    19 ||   113
       Skin              |       |    35 |       ||    35
Dodge: Dodged            |    31 |    50 |    25 ||   106
Block: Buckler           |    17 |    20 |    11 ||    48

Levels and vault maps discovered:
D:1:      dpeg_arrival_lava_temple_mockup, layout_loops_cross
D:2:      layout_basic, serial_shops, shop, lexackson_kobold_supper
D:3:      layout_loops_ring, hellmonk_ecumenical_altar_dog_temple, uniq_jessica
D:4:      layout_basic, mainiacjoe_overflow_concentric_impassable,
          minmay_misc_feat_tiny, minmay_curled_crystal,
          corexii_item_surrounded_by_moat, minivault_14, minmay_close_crescents
D:5:      layout_rooms, minmay_lizard_king, uniq_sigmund

Notes
Turn   | Place    | Note
-------+----------+-------------------------------------------
     0 | D:1      | ytrimaz the Minotaur Fighter began the quest for the Orb.
     0 | D:1      | Reached XP level 1. HP: 19/19 MP: 0/0
     0 | D:1      | magus.rc [v1.9.6]
   102 | D:1      | Reached skill level 4 in Shields
   197 | D:1      | Reached skill level 3 in Axes
   197 | D:1      | Reached XP level 2. HP: 26/26 MP: 1/1
   653 | D:1      | Reached skill level 4 in Axes
   653 | D:1      | Reached XP level 3. HP: 30/31 MP: 2/2
   965 | D:2      | Found Osekehir's Antique Weapon Boutique.
  1107 | D:2      | Reached skill level 5 in Axes
  1187 | D:2      | Reached XP level 4. HP: 34/39 MP: 3/3
  1251 | D:2      | You pick up a book of Winter and begin reading...
  1251 | D:2      | You add the spells Ozocubu's Armour, Metabolic Englaciation
                  | and Simulacrum to your library.
  1606 | D:2      | You pick up a book of Frost and begin reading...
  1606 | D:2      | You add the spells Freeze, Frozen Ramparts and Hailstorm to
                  | your library.
  1619 | D:2      | Reached skill level 6 in Axes
  1895 | D:3      | Noticed Jessica
  1907 | D:3      | Killed Jessica
  1908 | D:3      | Reached XP level 5. HP: 23/45 MP: 4/4
  2009 | D:3      | Identified the +1 ring mail of the Playwright {rF+ rN+}
  2078 | D:3      | Found a faded altar of an unknown god.
  2596 | D:3      | Reached skill level 7 in Axes
  2601 | D:3      | HP: 9/45 [orc/+0 flail (6)]
  2611 | D:3      | HP: 7/45 [something (3)]
  2613 | D:3      | HP: 2/45 [orc wizard/puff of flame (6)]
  2882 | D:4      | Reached XP level 6. HP: 49/51 MP: 5/5
  3030 | D:4      | You add the spells Gell's Gravitas, Teleport Other and
                  | Dispersal to your library.
  3156 | D:4      | Found a basalt altar of Yredelemnul.
  3181 | D:4      | Reached skill level 8 in Axes
  3192 | D:4      | HP: 12/51 [something (3)]
  3197 | D:4      | HP: 18/76 [something (2)]
  3220 | D:4      | HP: 19/76 [something (3)]
  3225 | D:4      | HP: 8/76 [something/magic dart (11)]
  3433 | D:4      | You add the spells Tukima's Dance, Passage of Golubria and
                  | Yara's Violent Unravelling to your library.
  3528 | D:4      | Identified a scroll of acquirement
  3744 | D:5      | Entered Level 5 of the Dungeon
  3744 | D:5      | Noticed Sigmund
  3755 | D:5      | Killed Sigmund
  3756 | D:5      | Reached skill level 9 in Axes
  3756 | D:5      | Reached XP level 7. HP: 40/57 MP: 6/6
  3990 | D:5      | Reached skill level 10 in Axes
  4081 | D:5      | Reached skill level 11 in Axes
  4189 | D:5      | Reached XP level 8. HP: 62/64 MP: 7/7
  4287 | D:5      | Slain by an ogre

Vanquished Creatures
  Sigmund (D:5)
  An ice beast (D:5)
  An ogre (D:5)
  A phantom (D:5)
  2 scorpions
  A howler monkey (D:5)
  A hound (D:5)
  Jessica (D:3)
  An iguana (D:5)
  5 orc wizards
  4 gnolls (D:2)
  6 adders
  A shadow imp (D:5)
  3 worms
  2 dart slugs
  10 orcs
  9 ball pythons
  14 endoplasms
  7 giant cockroaches
  6 hobgoblins
  12 jackals
  9 kobolds
  6 quokkas
  5 bats
  10 frilled lizards
  4 goblins
  3 rats
126 creatures vanquished.

Vanquished Creatures (others)
  21 plants
21 creatures vanquished.

Grand Total: 147 creatures vanquished

Table legend:
 A = Non-vault XP
 B = Vault XP
 C = Vault XP percentage of total XP
 D = Non-vault monster count
 E = Vault monster count
 F = Vault count percentage of total count
                 A         B        C        D         E       F
            +---------+---------+-------+---------+---------+-------
      Total |    1147 |     289 |  20.1 |     105 |      21 |  16.7
            +---------+---------+-------+---------+---------+-------
        D:1 |      41 |       0 |   0.0 |      22 |       0 |   0.0
        D:2 |     136 |      10 |   6.8 |      30 |       8 |  21.1
        D:3 |     125 |      41 |  24.7 |      22 |       3 |  12.0
        D:4 |     220 |       6 |   2.7 |      15 |       3 |  16.7
        D:5 |     625 |     232 |  27.1 |      16 |       7 |  30.4
            +---------+---------+-------+---------+---------+-------

Illustrated notes

Table legend:
 A = Kills in this place as a percentage of kills in entire the game.
 B = Kills by you in this place as a percentage of kills by you in the entire game.
 C = Kills by friends in this place as a percentage of kills by friends in the entire game.
 D = Other kills in this place as a percentage of other kills in the entire game.
 E = Experience gained in this place as a percentage of experience gained in the entire game.
 F = Experience gained in this place divided by the number of levels of this place that you have seen.
                   A       B       C       D       E      F
               +-------+-------+-------+-------+-------+----------------------
         Total | 100.0 | 100.0 |   N/A |   N/A | 100.0 | 287.2
       Dungeon | 100.0 | 100.0 |   N/A |   N/A | 100.0 | 287.2
               +-------+-------+-------+-------+-------+----------------------

Table legend: (Time is in decaauts)
 A = Elapsed time spent in this place.
 B = Non-inter-level travel time spent in this place.
 C = Inter-level travel time spent in this place.
 D = Time resting spent in this place.
 E = Time spent auto-exploring this place.
 F = Levels seen in this place.
 G = Mean time per level.
                   A        B        C        D        E       F      G
               +--------+--------+--------+--------+--------+-----+--------+
         Total |   4340 |   4198 |    142 |      0 |   3349 |   5 |  868.0 |
       Dungeon |   4340 |   4198 |    142 |      0 |   3349 |   5 |  868.0 |
               +--------+--------+--------+--------+--------+-----+--------+

Top non-repeatable levels by time:
     D:2: 1178 daAuts
     D:3: 973 daAuts
     D:4: 899 daAuts
     D:1: 744 daAuts
     D:5: 544 daAuts
